 Dungeon Crawl Stone Soup version 0.31.0-12-g77e489cdc1 (webtiles) character file.

Game seed: 11003159270064940385

548854 Superwelder the Intangible (level 26, -2/158 HPs)
             Began as a Tengu Chaos Knight on Feb 29, 2024.
             Was the Champion of Okawaru.
             Succumbed to a death drake's dark miasma
             ... on level 3 of the Realm of Zot on Mar 2, 2024.
             The game lasted 04:34:54 (65013 turns).

Superwelder the Intangible (Tengu Chaos Knight)    Turns: 65013, Time: 04:34:55

Health: -2/158     AC: 13    Str: 15      XL:     26   Next: 24%
Magic:  4/46       EV: 43    Int:  7 (8)  God:    Okawaru [******]
Gold:   3460       SH:  0    Dex: 26 (28) Spells: 22/25 levels left

rFire   + + +        k - +9 triple crossbow (heavy)
rCold   + . .        (shield currently unavailable)
rNeg    . . .        Z - +1 robe of Vines {NoPotionHeal Regen++++}
rPois   .            z - +0 mask of the Dragon {Will+ Slay+3 SInv}
rElec   .            A - +2 cloak {Stlth+}
rCorr   +            W - +2 pair of gloves {Dex+3}
SInv    +            (boots unavailable)
Will    +++..        L - amulet of guardian spirit
Stlth   +++++++      T - ring of Tamel {^Contam rF+++ MP+9 Int-5 SInv}
HPRegen 3.66/turn    m - ring "Miank" {rC+ Will+ rCorr}
MPRegen 0.30/turn

%: acrobat, clarity, guardian spirit
@: lethally poisoned (-2 -> -12), heroic, finesse-ful, frozen, flying, slowed,
studying Long Blades, very slow
A: beak, talons 3, evasive flight, acrobatic, iridescent scales 1, agile 1,
clarity, deterioration 1, frail 1, sense surroundings 1, screaming 1, shaggy fur
1, MP-powered wands, persistent drain
}: 3/15 runes: decaying, serpentine, slimy
a: Renounce Religion, Heroism, Finesse, Duel


You were on level 3 of the Realm of Zot.
You worshipped Okawaru.
Okawaru was exalted by your worship.
You visited 12 branches of the dungeon, and saw 53 of its levels.
You visited 1 bazaar.
You also visited: Sewer, Bailey, Gauntlet and Ice Cave.

You collected 8669 gold pieces.
You spent 5209 gold pieces at shops.

Inventory:

Hand Weapons
 k - a +9 heavy triple crossbow (weapon)
 S - a +9 heavy longbow
Missiles
 e - 13 curare-tipped darts
 u - 5 throwing nets
Armour
 z - the +0 mask of the Dragon (worn) {Will+ Slay+3 SInv}
   (You bought it in a shop in a bazaar)

   Slay+3:    It affects your accuracy & damage with ranged weapons and melee
   (+3).
   Will+:     It increases your willpower.
   SInv:      It lets you see invisible.
 A - a +2 cloak of stealth (worn)
 W - a +2 pair of gloves of dexterity (worn)
 Z - the +1 robe of Vines (worn) {NoPotionHeal Regen++++}
   (You found it on level 10 of the Dungeon)

   NoPotionHeal: Its wearer cannot be healed by potions.
   Regen++++: It increases your rate of health regeneration.
Jewellery
 m - the ring "Miank" (right hand) {rC+ Will+ rCorr}
   (You took it off an orc sorcerer on level 3 of the Elven Halls)

   [ring of resist corrosion]

   rC+:       It protects you from cold.
   Will+:     It increases your willpower.
   rCorr:     It protects you from acid and corrosion.
 r - the ring of Vifag {rElec rN+ Dex+4}
   (You found it on level 3 of the Crypt)

   [ring of positive energy]

   Dex+4:     It affects your dexterity (+4).
   rElec:     It insulates you from electricity.
   rN+:       It protects you from negative energy.
 L - an amulet of guardian spirit (around neck)
 R - the ring of the Iron Devil {Ice rPois Dex+3}
   (You acquired it on level 2 of the Orcish Mines)

   [ring of ice]

   Ice:       It enhances your ice magic.
   Dex+3:     It affects your dexterity (+3).
   rF-:       It makes you vulnerable to fire.
   rC+:       It protects you from cold.
   rPois:     It protects you from poison
 T - the ring of Tamel (left hand) {^Contam rF+++ MP+9 Int-5 SInv}
   (You took it off a deep elf sorcerer on level 4 of the Vaults)

   [ring of magical power]

   Int-5:     It affects your intelligence (-5).
   rF+++:     It renders you almost immune to fire.
   MP+9:      It affects your magic capacity (+9).
   SInv:      It lets you see invisible.
   ^Contam:   It causes magical contamination when unequipped.
Wands
 d - a wand of digging (6)
 i - a wand of iceblast (75)
 j - a wand of polymorph (28)
 p - a wand of paralysis (50)
 q - a wand of flame (119)
 y - a wand of mindburst (45)
 X - a wand of quicksilver (31)
Scrolls
 a - 3 scrolls of torment
 b - 4 scrolls of amnesia
 c - 4 scrolls of poison
 g - 5 scrolls of revelation {@r4}
 h - 2 scrolls of brand weapon
 o - 6 scrolls of enchant armour
 D - 6 scrolls of blinking
 E - 3 scrolls of fear
 F - 6 scrolls of fog
 K - 10 scrolls of immolation
 O - 4 scrolls of silence
 V - 10 scrolls of vulnerability
 Y - 15 scrolls of teleportation {@r3}
Potions
 s - a potion of resistance {unknown}
 t - 13 potions of enlightenment
 B - 12 potions of brilliance
 C - a potion of cancellation {unknown}
 G - a potion of ambrosia
 H - 6 potions of haste
 I - 5 potions of invisibility
 J - 19 potions of curing {@q1}
 M - 4 potions of might
 N - 11 potions of heal wounds {@q2}
 P - 5 potions of lignification
 Q - 4 potions of magic
 U - 8 potions of mutation
Miscellaneous
 l - a condenser vane
 v - a lightning rod (2/4)
 w - a phial of floods


   Skills:
 + Level 20.8(25.8) Fighting
 - Level 4.9(9.9) Polearms
 O Level 27 Ranged Weapons
 - Level 2.0(7.0) Throwing
 - Level 2.1(7.1) Armour
 O Level 27 Dodging
 - Level 9.0(14.0) Stealth
 - Level 4.0 Translocations
 - Level 19.0 Invocations
 - Level 7.0 Evocations


You had 22 spell levels left.
You knew the following spells:

 Your Spells              Type           Power      Damage    Failure   Level
z - Apportation           Tloc           10%        N/A       9%          1
Z - Blink                 Tloc           10%        N/A       14%         2

Your spell library contained the following spells:

 Spells                   Type           Power      Damage    Failure   Level
 Lesser Beckoning         Tloc           10%        N/A       14%         2
 Gell's Gravitas          Tloc           5%         N/A       26%         3
 Teleport Other           Tloc           5%         N/A       26%         3
 Momentum Strike          Conj/Tloc      4%         3d8       30%         2
 Freeze                   Ice            0%         1d3       43%         1
 Kiss of Death            Conj/Necr      0%         2d5       43%         1
 Magic Dart               Conj           0%         1d3       43%         1
 Necrotise                Necr           0%         1d4       43%         1
 Sandblast                Erth           0%         2d4       43%         1
 Sting                    Conj/Alch      0%         1d3       43%         1
 Volatile Blastmotes      Fire/Tloc      4%         2d10      52%         3
 Ensorcelled Hibernation  Hex/Ice        0%         N/A       56%         2
 Mercury Vapours          Alch/Air       0%         N/A       56%         2
 Scorch                   Fire           0%         2d5       56%         2
 Static Discharge         Conj/Air       0%         3-3/arc   56%         2
 Manifold Assault         Tloc           5%         N/A       65%         4
 Passage of Golubria      Tloc           5%         N/A       65%         4
 Confusing Touch          Hex            0%         N/A       80%         3
 Dazzling Flash           Conj/Hex       0%         N/A       80%         3
 Frozen Ramparts          Ice            0%         1d1       80%         3
 Fugue of the Fallen      Necr           0%         N/A       80%         3
 Hailstorm                Conj/Ice       0%         3d5       80%         3
 Mephitic Cloud           Conj/Alch/Air  0%         N/A       80%         3
 Ozocubu's Armour         Ice            0%         N/A       80%         3
 Passwall                 Erth           0%         N/A       80%         3
 Sigil of Binding         Hex            0%         N/A       80%         3
 Stone Arrow              Conj/Erth      0%         3d7       80%         3
 Dimensional Bullseye     Hex/Tloc       1%         N/A       90%         4
 Iskenderun's Mystic Bla  Conj/Tloc      2%         2d3       90%         4
 Vhi's Electric Charge    Tloc/Air       4%         N/A       90%         4
 Airstrike                Air            0%         2d(0-16)  99%         4
 Anguish                  Hex/Necr       0%         N/A       99%         4
 Brom's Barrelling Bould  Conj/Erth      0%         2d3       99%         4
 Cause Fear               Hex            0%         N/A       99%         4
 Dispel Undead            Necr           0%         3d6       99%         4
 Flame Wave               Conj/Fire      0%         2d4       99%         4
 Ignite Poison            Fire/Alch      0%         N/A       99%         4
 Olgreb's Toxic Radiance  Alch           0%         N/A       99%         4
 Sticky Flame             Fire/Alch      0%         2d4       99%         4
 Arcjolt                  Conj/Air       0%         1d10      100%        5
 Borgnjor's Vile Clutch   Necr/Erth      0%         N/A       100%        5
 Curse of Agony           Necr           0%         N/A       100%        5
 Fireball                 Conj/Fire      0%         3d3       100%        5
 Freezing Cloud           Conj/Ice/Air   0%         6-21      100%        5
 Iskenderun's Battlesphe  Conj           0%         2d6       100%        5
 Lee's Rapid Deconstruct  Erth           0%         3d4*      100%        5
 Metabolic Englaciation   Hex/Ice        0%         N/A       100%        5
 Silence                  Hex/Air        0%         N/A       100%        5
 Yara's Violent Unravell  Hex/Alch       0%         3d3       100%        5
 Bombard                  Conj/Erth      0%         9d1       100%        6
 Eringya's Noxious Bog    Alch           0%         4d6       100%        6
 Plasma Beam              Fire/Air       0%         2x1d10    100%        6
 Starburst                Conj/Fire      0%         6d3       100%        6
 Enfeeble                 Hex            0%         N/A       100%        7
 Ozocubu's Refrigeration  Ice            0%         4d7       100%        7
 Discord                  Hex            0%         N/A       100%        8
 Disjunction              Tloc           2%         N/A       100%        8
 Ignition                 Fire           0%         3d3       100%        8
 Lehudib's Crystal Spear  Conj/Erth      0%         10d2      100%        8
 Maxwell's Capacitive Co  Air            0%         ∞         100%        8
 Chain Lightning          Conj/Air       0%         N/A       100%        9
 Death's Door             Necr           0%         N/A       100%        9
 Fire Storm               Conj/Fire      0%         5d1       100%        9
 Polar Vortex             Ice            0%         N/A       100%        9
 Shatter                  Erth           0%         3d5*      100%        9
 Summon Small Mammal      Summ           Unusable   N/A       N/A         1
 Call Imp                 Summ           Unusable   N/A       N/A         2
 Summon Ice Beast         Ice/Summ       Unusable   N/A       N/A         3
 Animate Armour           Summ/Erth      Unusable   N/A       N/A         4
 Animate Dead             Necr           Unusable   N/A       N/A         4
 Summon Lightning Spire   Summ/Air       Unusable   N/A       N/A         4
 Summon Forest            Summ/Tloc      Unusable   N/A       N/A         5
 Summon Mana Viper        Hex/Summ       Unusable   N/A       N/A         5
 Death Channel            Necr           Unusable   N/A       N/A         6
 Sculpt Simulacrum        Ice/Alch       Unusable   N/A       N/A         6
 Summon Cactus Giant      Summ           Unusable   N/A       N/A         6
 Monstrous Menagerie      Summ           Unusable   N/A       N/A         7
 Spellforged Servitor     Conj/Summ      Unusable   N/A       N/A         7
 Summon Hydra             Summ           Unusable   N/A       N/A         7
 Infestation              Necr           Unusable   N/A       N/A         8
 Dragon's Call            Summ           Unusable   N/A       N/A         9

Dungeon Overview and Level Annotations

Branches:
Dungeon (15/15) Zot: 24832  Temple (1/1) D:4 Zot: 5949    Lair (5/5) D:9 Zot: 22427
  Swamp (4/4) Lair:2 Zot: 19862   Snake (4/4) Lair:3 Zot: 17940   Slime (5/5) Lair:5 Zot: 25289
    Orc (2/2) D:10 Zot: 10240     Elf (3/3) Orc:2 Zot: 12486  Vaults (4/5) D:14 Zot: 17781
  Crypt (3/3) Vaults:2 Zot: 14151    Tomb (0/3) Crypt:3      Depths (4/4) D:15 Zot: 18977
    Zot (3/5) Depths:4 Zot: 17886   Sewer (visited)          Bailey (visited)
  IceCv (visited)         Gauntlet (visited)

Altars:
Ashenzari
Cheibriados
Dithmenos
Elyvilon
Fedhas
Gozag
Hepliaklqana
Kikubaaqudgha
Makhleb
Nemelex Xobeh
Okawaru
Qazlal
Ru
Sif Muna
Trog
Uskayaw
Vehumet
Wu Jian
Xom
Yredelemnul
Zin
The Shining One
Jiyva
Lugonu

Shops:
D:5 =   D:12 (   Orc:2 *?[?   Snake:2 (=[!   Snake:4 (**   Vaults:1 (
Depths:3 =?*!

Portals:
Hell: Depths:1 Depths:2 Depths:3 Depths:4
Abyss: Depths:2 Depths:3 Depths:4
Pandemonium: Depths:1 Depths:2
Ziggurat: Depths:2

Annotations:
D:6 Grinder


Innate Abilities, Weirdness & Mutations

You have a beak for a mouth.
You have claws for feet.
Your magical flight helps you evade attacks. (EV +4)
You can magically evade attacks while moving or waiting.
You are partially covered in iridescent scales. (AC +2)
You are agile. (Dex +4, Str/Int -1)
You possess an exceptional clarity of mind.
Your body sometimes deteriorates upon taking damage.
You are frail. (-10% HP)
You passively map a small area around you.
You occasionally shout uncontrollably at your foes.
You are covered in fur. (AC +1)
You expend magic power (3 MP) to strengthen your wands.
Your health recovers twice as slowly from being drained.


Message History

Qazlal smites you!
Fire: k) +9 triple crossbow (heavy)
Press: ? - help, Q - select action, (/) - cycle Shift-Dir - straight line, f/p - white draconian stormcaller
Aim: a white draconian stormcaller, wielding a +0 whip and wearing a +0 cloak (82% to hit)
You shoot a bolt. The bolt hits the white draconian!!!!
You kill the white draconian!
You are engulfed in dark miasma.
You are more poisoned.
Your body deteriorates!
You feel clumsy.
You feel extremely sick.
The white draconian stormcaller mumbles some strange prayers to Qazlal against you.
The blast of rubble hits you!!!
* * * LOW HITPOINT WARNING * * *
The blast of rubble hits the death drake!!!
Press: ? - help, v - describe, . - travel
Here: a death drake (heavily wounded, summoned)
An open door.
Unknown command.
Unknown command.
Unknown command.
Aiming: Paralyse
Press: ? - help, Shift-Dir - straight line, f/p - white draconian stormcaller
Aim: a white draconian stormcaller, wielding a +0 whip and wearing a +0 cloak (chance to affect: 55%)
You feel a surge of power!
The death drake suddenly stops moving!
You are engulfed in dark miasma.
You are more poisoned.
* * * LOW HITPOINT WARNING * * *
x2 Your body deteriorates!
You feel dopey.
You feel extremely sick.
* * * LOW HITPOINT WARNING * * *
You feel extremely sick.
The yellow draconian annihilator gestures wildly while chanting.
The yellow draconian annihilator blinks!
The white draconian stormcaller mumbles some strange prayers to Qazlal against you.
The blast of ice hits you!! You partially resist.
* * * LOW HITPOINT WARNING * * *
You are encased in ice.
Blink to where?
Press: ? - help, Dir - move target, p - white draconian stormcaller
As you read the scroll of blinking, it crumbles to dust.
You die...

*,.......).......,,,,,*
**,........§....d.,,,,,+
*,,.....≈≈≈q.d.q..,,,,,*
**,,.≈≈≈≈≈≈≈###.≈..,,,,,*
*,,,#........##))..******
*,,,#..###.q..°k)..,,,,,,
*,,,#.#####k#..≈...,,,,,,
*,,~#.##...°#?.#≈..,>,,,,
*,,~≈..#@.§_#..≈≈..,,,,,,
**,,~#..#....##.#≈..,,,,,,
*,,,,≈..#+#####.#...,,,,,,
*,,,,≈≈....###..#...,,,,,,
*,,,,.##........#...+***+*
*,,,~.###≈≈≈≈≈≈≈....,,,,,*
*,,,,....≈≈≈........,,,,,*
**,,,,,,,,,,,,,,,,,,,,,,,*
**,,,,*,,,,,,*,,,,,,,,,,*


You could see a death drake (summoned, paralysed).

Vanquished Creatures
  the Royal Jelly (Slime:5)
  A dread lich (Depths:2)
  Khufu (Crypt:2)
  An ancient lich (Crypt:3)
  3 royal mummies (Crypt:1)
  Sojobo (Crypt:2)
  Saint Roka (Depths:1)
  3 golden dragons
  5 caustic shrikes (Depths:3)
  Norris (Depths:1)
  Nikola (Elf:3)
  A bone dragon (Crypt:3)
  Jorgrun (D:12)
  Rupert (D:12)
  The ghost of jimonade the Dancer, an adept HOMo of Uskayaw (Elf:2)
  4 tentacled monstrosities
  4 liches
  A walking divine tome (Depths:3)
  2 deep elf blademasters
  A walking frostbound tome (Depths:3)
  A quicksilver dragon (Vaults:3)
  A titan (Vaults:3)
  12 acid blobs
  A sphinx (Depths:2)
  Agnes (D:14)
  4 deep elf master archers (Elf:3)
  Gastronok (Lair:2)
  A death cob (Zot:2)
  An ancient champion (Crypt:1)
  2 shadow dragons (Depths:4)
  5 tengu reavers
  A storm dragon (Depths:4)
  Kirke (D:12)
  2 thorn hunters (Swamp:4)
  14 rockslimes
  The ghost of Matygoc the Slicer, an adept HaSk of Okawaru (Swamp:2)
  5 frost giants
  A revenant (Crypt:2)
  An iron dragon (Depths:3)
  5 nagarajas (Snake:4)
  6 fire giants
  14 azure jellies
  4 deep elf sorcerers
  2 draconian knights
  A balrug (Depths:1)
  3 deep elf elementalists
  15 vault wardens
  A caustic shrike zombie (Crypt:2)
  7 ghouls
  3 orc warlords
  8 quicksilver oozes
  A juggernaut skeleton (Depths:3)
  A draconian annihilator (Depths:4)
  18 ironbound preservers
  9 ironbound thunderhulks
  12 very ugly things
  13 stone giants
  7 vampire knights
  Nessos (D:13)
  4 eleionomae
  15 formless jellyfish
  8 deep elf death magi
  A green draconian (Zot:3)
  7 war gargoyles
  2 black draconians (Depths:4)
  3 bunyips
  3 red draconians
  12 dire elephants
  8 spark wasps
  A minotaur (Gauntlet)
  The ghost of Consumeair16 the Tortoise, a journeyman MiBe of Trog (D:13)
  4 deep elf demonologists
  9 deep elf annihilators
  2 white draconians (Zot:3)
  2 merfolk javelineers
  9 ettins
  3 blizzard demons
  6 eidola (Crypt:1)
  7 crystal guardians
  An entropy weaver (shapeshifter) (D:13)
  A green death (Depths:1)
  An elf zombie (Crypt:1)
  A quicksilver dragon zombie (Depths:3)
  2 spectral fenstrider witches (Swamp:2)
  7 jiangshi
  An entropy weaver (Vaults:2)
  11 fire dragons
  11 deep elf high priests (Elf:3)
  2 shambling mangroves
  13 yaktaur captains
  Josephine (D:12)
  2 rakshasas
  6 vault guards
  3 salamander tyrants
  24 hydras
  6 anacondas
  12 great orbs of eyes
  4 ice dragons
  11 alligators
  2 ogre magi
  4 peacekeepers
  2 spriggan air magi
  2 spriggan zombies
  A jorogumo (Depths:2)
  8 ghost crabs
  2 catoblepae (Lair:3)
  9 ironbound frosthearts
  2 spriggan skeletons (Crypt:3)
  18 centaur warriors
  5 death knights
  2 two-headed ogres (Vaults:4)
  2 boulder beetles
  36 dancing weapons
  5 tengu warriors
  2 hell hogs (Lair:5)
  5 vampire magi
  8 deep troll shamans
  21 naga warriors
  10 deep troll earth magi
  7 shock serpents
  12 hell knights
  11 death yaks
  4 occultists
  7 orc high priests
  A titan zombie (Crypt:3)
  5 spriggan berserkers
  8 naga sharpshooters
  20 deep elf knights
  2 soul eaters
  4 sun demons (Depths:1)
  3 salamander mystics (Snake:4)
  A sixfirhy (Depths:1)
  4 skysharks
  4 goliath frogs
  11 iron trolls
  19 skeletal warriors
  A bunyip zombie (Crypt:2)
  An iron giant zombie (Crypt:1)
  3 arcanists
  6 mana vipers
  2 flayed ghosts
  46 deep trolls
  4 glowing orange brains
  10 naga ritualists
  A swamp dragon (shapeshifter) (Vaults:3)
  2 golden dragon zombies
  7 swamp dragons
  An obsidian statue (IceCv)
  6 bog bodies
  20 deep elf archers
  An orange crystal statue (Gauntlet)
  7 spriggan druids
  An iron giant skeleton (Crypt:1)
  17 lindwurms
  14 necromancers
  5 harpies (Vaults:1)
  8 phantasmal warriors
  9 ironbound convokers
  23 deep elf zephyrmancers
  3 fenstrider witch simulacra (Swamp:2)
  11 orc knights
  30 deep elf pyromancers
  A wolf spider (Lair:5)
  6 shining eyes
  25 ugly things
  A frost giant zombie (Depths:3)
  3 manticores
  2 spectral spriggans (Swamp:2)
  5 cyclopes
  A faun (shapeshifter) (Elf:2)
  A shining eye (shapeshifter) (Depths:4)
  6 will-o-the-wisps
  8 orc sorcerers
  15 salamanders
  An iron dragon skeleton (Depths:3)
  22 naga magi
  6 guardian serpents
  Joseph (D:9)
  9 elephants
  A naga zombie (Crypt:3)
  3 apocalypse crabs (Swamp:3)
  34 black mambas
  4 kobold blastminers (Orc:1)
  12 vault sentinels
  An ice statue (Gauntlet)
  3 molten gargoyles
  A torpor snail (Lair:2)
  3 gargoyles
  Jeremiah (D:7)
  A smoke demon (Depths:1)
  A hellion (Depths:1)
  A cane toad (shapeshifter) (D:12)
  3 eyes of devastation
  A centaur skeleton (Crypt:3)
  12 cane toads
  An elephant slug zombie (Crypt:1)
  A minotaur zombie (Gauntlet)
  12 ice devils
  A rime drake (shapeshifter) (D:12)
  9 komodo dragons
  14 freezing wraiths
  4 rime drakes
  55 yaktaurs
  A swamp worm zombie (Crypt:2)
  A green draconian skeleton (Crypt:2)
  A spectral death drake (Swamp:2)
  4 anaconda simulacra (IceCv)
  An efreet (D:15)
  A golden dragon simulacrum (Depths:3)
  A polar bear (D:9)
  3 bloated husks
  3 harpy zombies
  8 tengu conjurers
  A hydra zombie (Crypt:2)
  12 trolls
  4 guardian mummies (Crypt:2)
  7 tyrant leeches
  2 alligator simulacra (IceCv)
  2 harpy skeletons
  10 hornets
  9 blink frogs
  4 glass eyes
  A blink frog (shapeshifter) (D:15)
  6 dream sheep (Lair:4)
  A frost giant simulacrum (Depths:3)
  8 spriggans
  109 slime creatures
  A spriggan (shapeshifter) (D:14)
  13 water elementals
  An ettin skeleton (Crypt:1)
  A dire elephant simulacrum (IceCv)
  5 wyverns (Lair:5)
  5 centaur simulacra (D:12)
  A naga simulacrum (Crypt:2)
  An air elemental (Elf:1)
  2 yaks (shapeshifter) (D:12)
  9 wraiths
  2 shadows (D:10)
  2 vampires
  13 golden eyes
  4 hogs (D:12)
  A hog (shapeshifter) (D:12)
  29 yaks
  8 basilisks
  4 steam dragons
  A fire elemental (Elf:2)
  6 spriggan simulacra
  6 wargs
  A redback (Vaults:2)
  17 vampire mosquitoes
  2 harpy simulacra (IceCv)
  A steam dragon (shapeshifter) (D:12)
  14 minotaur simulacra (IceCv)
  11 swamp worms
  59 nagas
  An acid dragon (D:9)
  4 hell hounds (Lair:5)
  8 swamp drakes
  16 water moccasins
  A faun skeleton (Crypt:2)
  2 ice beasts (D:6)
  A sky beast (D:7)
  3 black bears (D:6)
  The ghost of MuppetCentipede the Chopper, an amateur MiMo (D:3)
  An ettin simulacrum (IceCv)
  A hornet zombie (D:8)
  27 laughing skulls
  4 boggarts (Vaults:3)
  38 orc warriors
  8 ogres
  A tengu (shapeshifter) (Elf:3)
  25 wolves
  3 centaurs
  2 phantoms
  3 earth elementals
  A kobold brigand (D:10)
  15 bullfrogs
  11 necrophages
  5 gnoll sergeants
  4 scorpions
  A scorpion (shapeshifter) (D:15)
  An elf skeleton (Crypt:2)
  5 wights
  3 deep troll simulacra (IceCv)
  A troll zombie (Crypt:1)
  6 killer bees (D:8)
  A lindwurm simulacrum (IceCv)
  An electric eel (Lair:3)
  A raiju skeleton (Crypt:1)
  8 vampire bats (Bailey)
  4 wolf zombies (Bailey)
  3 howler monkeys (D:8)
  3 jellies
  7 centaur zombies
  5 lava snakes (Lair:5)
  A wolf skeleton (Crypt:1)
  3 bombardier beetles
  2 hounds
  33 orc priests
  3 sleepcaps
  A gnoll bouda (D:7)
  5 iguanas
  Terence (D:3)
  52 orc wizards
  A killer bee zombie (D:8)
  An acid dragon zombie (Crypt:2)
  A crocodile zombie (Crypt:1)
  2 tengu skeletons
  2 howler monkey zombies (D:8)
  A mummy (Crypt:2)
  18 gnolls
  21 orc zombies (Bailey)
  14 adders
  4 white imps
  6 ufetubi
  15 dart slugs
  3 ribbon worms
  105 orcs
  18 ball pythons
  12 endoplasms
  14 giant cockroaches
  11 goblins
  6 hobgoblins
  6 quokkas
  A ball python skeleton (Crypt:2)
  2 bats
  10 frilled lizards
  8 kobolds
  10 rats
  A river rat skeleton (Crypt:1)
2299 creatures vanquished.

Vanquished Creatures (others)
  A hornet (Depths:4)
  A water elemental (Elf:2)
  2 vampire mosquitoes (Swamp:4)
  A swamp drake (Swamp:4)
  An orc priest (Orc:2)
  An orc wizard (Orc:2)
  An ufetubus (D:6)
  An orc (D:5)
  15 foxfires
24 creatures vanquished.

Grand Total: 2323 creatures vanquished

Notes
Turn   | Place    | Note
-------+----------+-------------------------------------------
     0 | D:1      | Superwelder the Tengu Chaos Knight began the quest for the
                  | Orb.
     0 | D:1      | Reached XP level 1. HP: 14/14 MP: 2/2
    12 | D:1      | XOM: potion effect (haste)
    25 | D:1      | Reached skill level 1 in Stealth
    99 | D:1      | Reached XP level 2. HP: 19/19 MP: 3/3
   233 | D:1      | XOM: silly message
   258 | D:1      | XOM: give mutations
   258 | D:1      | Gained mutation: You passively map a small area around you.
                  | [Xom's grace]
   258 | D:1      | Gained mutation: You are partially covered in iridescent
                  | scales. (AC +2) [Xom's grace]
   258 | D:1      | Gained mutation: You are covered in fur. (AC +1) [Xom's
                  | grace]
   258 | D:1      | Gained mutation: You possess an exceptional clarity of
                  | mind. [Xom's grace]
   259 | D:1      | XOM: scenery: create altars
   326 | D:1      | XOM: confuse monster(s)
   348 | D:1      | Reached XP level 3. HP: 23/23 MP: 4/4
   411 | D:1      | XOM: give mutation
   411 | D:1      | Gained mutation: Your skin changes colour to match your
                  | surroundings (Stealth+). [Xom's grace]
   446 | D:1      | Learned a level 2 spell: Blink
   517 | D:2      | XOM: stealth player
   711 | D:2      | Found an ornate altar of the Wu Jian Council.
   804 | D:3      | Noticed MuppetCentipede's ghost (amateur MiMo)
   804 | D:3      | Found a runed translucent gate.
   804 | D:3      | Found a runed translucent gate.
   804 | D:3      | Found a runed translucent gate.
   907 | D:3      | Reached skill level 1 in Translocations
   907 | D:3      | Reached XP level 4. HP: 23/29 MP: 5/5
   916 | D:3      | Found a glowing drain.
   928 | Sewer    | Entered a sewer
  1189 | Sewer    | Reached XP level 5. HP: 30/33 MP: 6/6
  1289 | Sewer    | XOM: enchant monster (good)
  1299 | Sewer    | Reached skill level 5 in Fighting
  1305 | Sewer    | Reached XP level 6. HP: 26/41 MP: 7/7
  1680 | D:2      | Identified the +1 quarterstaff "Fiofruir" {flame, rElec
                  | Will+ Str-3 Int+6} (Xom gifted it to you on level 2 of the
                  | Dungeon)
  1680 | D:2      | XOM: god gift: +1 quarterstaff "Fiofruir" {chaos, rElec
                  | Will+ Str-3 Int+6}
  1841 | D:3      | XOM: scenery: summon butterflies
  1911 | D:3      | Noticed Terence
  1919 | D:3      | Killed Terence
  1932 | D:3      | Got Dupeoc's Atlas of the Legion
  1976 | D:3      | XOM: god gift: Xom's Grimoire of Monotheism {god gift}
  1977 | D:3      | Got Xom's Grimoire of Monotheism {god gift}
  1980 | D:3      | Found an ornate altar of the Wu Jian Council.
  2001 | D:3      | Found a stormy altar of Qazlal.
  2003 | D:3      | Reached skill level 1 in Evocations
  2048 | D:3      | XOM: god gift: morningstar {god gift}
  2049 | D:3      | XOM: confuse monster(s)
  2405 | D:3      | XOM: silly message
  2563 | D:4      | Found a staircase to the Ecumenical Temple.
  2568 | Temple   | Entered the Ecumenical Temple
  2595 | Temple   | Fell from the grace of Xom
  2595 | Temple   | Became a worshipper of Warmaster Okawaru
  2676 | D:4      | Gained mutation: Your magical flight helps you evade
                  | attacks. (EV +4) [Tengu growth]
  2676 | D:4      | Reached XP level 7. HP: 45/46 MP: 8/8
  3184 | D:4      | XOM: draining
  3204 | D:5      | XOM: noise
  3204 | D:5      | Entered Level 5 of the Dungeon
  3247 | D:5      | Reached skill level 1 in Invocations
  3321 | D:5      | Found a hide-covered altar of Uskayaw.
  3359 | D:5      | XOM: give mutations
  3359 | D:5      | Gained mutation: You are dopey. (Int -2) [Xom's mischief]
  3359 | D:5      | Lost mutation: Your skin changes colour to match your
                  | surroundings (Stealth+). [Xom's mischief]
  3359 | D:5      | Gained mutation: Your system is resistant to poisons.
                  | (rPois) [Xom's mischief]
  3416 | D:5      | XOM: give mutations
  3416 | D:5      | Gained mutation: You are frail. (-10% HP) [Xom's mischief]
  3416 | D:5      | Gained mutation: You expend magic power (3 MP) to
                  | strengthen your wands. [Xom's mischief]
  3416 | D:5      | Lost mutation: You are frail. (-10% HP) [Xom's mischief]
  3471 | D:5      | Found Cisi's Jewellery Shop.
  3691 | D:5      | XOM: give mutations
  3691 | D:5      | Lost mutation: Your system is resistant to poisons. (rPois)
                  | [Xom's mischief]
  3691 | D:5      | Gained mutation: Your spells are a little harder to cast,
                  | but a little more powerful. [Xom's mischief]
  3785 | D:5      | Reached * piety under Okawaru
  3847 | D:5      | Reached XP level 8. HP: 40/52 MP: 10/10
  4261 | D:6      | Noticed Grinder
  4770 | D:6      | Found a shadowy altar of Dithmenos.
  4775 | D:6      | Found a shimmering altar of Xom.
  4781 | D:6      | Found a sacrificial altar of Ru.
  5004 | D:6      | Reached skill level 1 in Ranged Weapons
  5036 | D:6      | Found a blossoming altar of Fedhas.
  5127 | D:6      | Reached ** piety under Okawaru
  5171 | D:6      | Reached XP level 9. HP: 45/57 MP: 12/12
  5711 | D:6      | XOM: god gift: +0 buckler of positive energy
  5866 | D:7      | Reached skill level 5 in Invocations
  5867 | D:7      | XOM: noise
  5883 | D:7      | XOM: noise
  5888 | D:7      | Found a flagged portal.
  5902 | Bailey   | Entered a bailey
  5979 | Bailey   | Reached *** piety under Okawaru
  6011 | Bailey   | Reached skill level 5 in Ranged Weapons
  6058 | Bailey   | XOM: 1-stop teleportation journey
  6201 | Bailey   | XOM: blink monster(s)
  6221 | Bailey   | Noticed a gargoyle
  6233 | Bailey   | Killed a gargoyle
  6234 | Bailey   | Reached XP level 10. HP: 41/64 MP: 0/15
  6765 | D:7      | Found a shimmering blue altar of Sif Muna.
  6854 | D:7      | Reached **** piety under Okawaru
  7007 | D:7      | XOM: silly message
  7115 | D:7      | XOM: silly message
  7554 | D:7      | XOM: silly message
  7796 | D:7      | Noticed Jeremiah
  7914 | D:8      | XOM: silly message
  7965 | D:8      | Found a glowing golden altar of the Shining One.
  8049 | D:8      | XOM: silly message
  8120 | D:8      | XOM: divination: magic mapping
  8157 | D:8      | Found an ancient bone altar of Kikubaaqudgha.
  8239 | D:8      | Identified the +3 spear of Pakhlialu {heavy, rElec Will+}
  8387 | D:8      | Found a burning altar of Makhleb.
  9006 | D:8      | XOM: silly message
  9166 | D:8      | XOM: noise
  9286 | D:8      | Found a basalt altar of Yredelemnul.
  9339 | D:8      | XOM: divination: detect items
  9371 | D:8      | Reached skill level 10 in Ranged Weapons
  9375 | D:8      | Reached skill level 5 in Stealth
  9780 | D:9      | Found a staircase to the Lair.
  9781 | D:9      | Noticed Joseph
  9848 | D:8      | XOM: silly message
 10273 | D:9      | Reached XP level 11. HP: 55/68 MP: 16/16
 10364 | D:8      | XOM: noise
 10732 | D:9      | Learned a level 1 spell: Apportation
 11059 | D:10     | Entered Level 10 of the Dungeon
 11243 | D:10     | XOM: god gift: silvery potion {god gift}
 11389 | D:10     | XOM: 7-stop teleportation journey
 11396 | D:10     | Reached ***** piety under Okawaru
 11728 | D:10     | Noticed a four-headed hydra
 11768 | D:10     | Reached skill level 5 in Dodging
 11789 | D:10     | XOM: give mutations
 11789 | D:10     | Gained mutation: Your health recovers twice as slowly from
                  | being drained. [Xom's mischief]
 11789 | D:10     | Gained mutation: You are agile. (Dex +4, Str/Int -1) [Xom's
                  | mischief]
 11808 | D:10     | Found a glowing silver altar of Zin.
 11867 | D:10     | Found a staircase to the Orcish Mines.
 12348 | D:10     | Killed a four-headed hydra
 12577 | D:10     | Found the +1 robe of Vines {NoPotionHeal Regen++++}
 12662 | D:9      | Was forgiven by Xom
 13326 | D:9      | Killed Joseph
 13490 | D:9      | Found a staircase to the Lair.
 13751 | D:7      | Killed Jeremiah
 13751 | D:7      | Received a gift from Okawaru
 13903 | D:3      | Killed MuppetCentipede's ghost
 14348 | D:11     | Found a blossoming altar of Fedhas.
 14761 | D:11     | Noticed a manticore
 14793 | D:11     | Killed a manticore
 15198 | D:12     | Noticed Rupert
 15257 | D:12     | Noticed a brown ugly thing
 15348 | Lair:1   | Entered Level 1 of the Lair of Beasts
 15380 | D:9      | Reached XP level 12. HP: 73/73 MP: 4/18
 15980 | Lair:1   | Noticed a death yak
 15980 | Lair:1   | Noticed a death yak
 15980 | Lair:1   | Noticed a death yak
 16178 | Lair:2   | Noticed a death yak
 16181 | Lair:2   | Noticed a death yak
 16212 | Lair:1   | Killed a death yak
 16324 | Lair:1   | Killed a death yak
 16324 | Lair:1   | Received a gift from Okawaru
 16420 | Lair:1   | Noticed a death yak
 16421 | Lair:1   | Noticed a death yak
 16477 | Lair:1   | Killed a death yak
 16586 | Lair:1   | Killed a death yak
 16616 | Lair:1   | Noticed a death yak
 16665 | Lair:1   | Killed a death yak
 16776 | Lair:1   | Killed a death yak
 16921 | Lair:1   | Killed a death yak
 16945 | Lair:1   | Killed a death yak
 16983 | Lair:2   | Noticed Gastronok
 17017 | Lair:2   | Received a gift from Okawaru
 17027 | Lair:2   | Reached skill level 10 in Invocations
 17085 | Lair:2   | Reached XP level 13. HP: 78/78 MP: 6/21
 17294 | Lair:2   | Found a staircase to the Swamp.
 17914 | Lair:3   | Found a gate leading to a gauntlet.
 17939 | Gauntlet | Entered a Gauntlet
 17939 | Gauntlet | Found a transporter.
 17939 | Gauntlet | Found a transporter.
 17939 | Gauntlet | Found a transporter.
 17951 | Gauntlet | Found a transporter.
 17954 | Gauntlet | Found a transporter.
 17962 | Gauntlet | Found a transporter.
 17965 | Gauntlet | Found a transporter.
 17975 | Gauntlet | Found a transporter.
 17993 | Gauntlet | Found a transporter.
 18013 | Gauntlet | Found a transporter.
 18015 | Gauntlet | Found a transporter.
 18025 | Gauntlet | Found a transporter.
 18362 | Gauntlet | Noticed a minotaur
 18390 | Gauntlet | Killed a minotaur
 18390 | Gauntlet | Received a gift from Okawaru
 18410 | Gauntlet | Got the Reference Book on Geometry
 18594 | Lair:3   | Reached skill level 15 in Ranged Weapons
 18738 | Lair:3   | Reached skill level 10 in Dodging
 19408 | Lair:3   | Found a staircase to the Snake Pit.
 19845 | Lair:4   | Reached ****** piety under Okawaru
 19845 | Lair:4   | Received a gift from Okawaru
 19871 | Lair:4   | Found a radiant altar of Vehumet.
 20785 | Lair:2   | Killed Gastronok
 20786 | Lair:2   | Reached XP level 14. HP: 84/84 MP: 7/22
 20982 | Lair:5   | Entered Level 5 of the Lair of Beasts
 21049 | Lair:5   | Found a shadowy altar of Dithmenos.
 21462 | Lair:5   | Received a gift from Okawaru
 21768 | Lair:5   | Found a large runed translucent door.
 21785 | Lair:5   | Found a staircase to the Slime Pits.
 21804 | Lair:5   | Reached skill level 5 in Evocations
 21974 | Lair:5   | Received a gift from Okawaru
 22170 | Lair:5   | Found a large runed translucent door.
 23182 | D:12     | Found Rauph's Antique Weapon Emporium.
 23193 | D:12     | Received a gift from Okawaru
 23306 | D:12     | Noticed Kirke
 23379 | D:12     | Noticed Josephine
 23486 | D:12     | Killed Kirke
 23487 | D:12     | Reached skill level 1 in Throwing
 23725 | D:12     | Reached skill level 10 in Fighting
 23739 | D:12     | Identified the +7 plate armour of Viny Fun {Will+}
 23796 | D:12     | Killed Josephine
 23796 | D:12     | Received a gift from Okawaru
 23813 | D:12     | Reached XP level 15. HP: 92/92 MP: 8/24
 24016 | D:12     | Noticed Jorgrun
 24074 | D:12     | Killed Jorgrun
 24302 | D:12     | Received a gift from Okawaru
 24642 | D:13     | Found a transporter.
 24650 | D:13     | Noticed Consumeair16's ghost (journeyman MiBe)
 24743 | D:13     | Found a transporter.
 25276 | D:13     | Noticed Nessos
 25339 | D:13     | Killed Nessos
 25779 | D:14     | Found a gate to the Vaults.
 25923 | D:14     | Noticed Agnes
 26551 | D:14     | Killed Agnes
 26710 | D:15     | Entered Level 15 of the Dungeon
 26773 | D:15     | Received a gift from Okawaru
 26916 | D:15     | Found a staircase to the Depths.
 26916 | D:15     | Noticed a fire giant
 26929 | D:15     | Killed a fire giant
 27094 | D:15     | Reached XP level 16. HP: 101/101 MP: 8/26
 27354 | D:15     | Received a gift from Okawaru
 27656 | Orc:1    | Entered Level 1 of the Orcish Mines
 28126 | Orc:2    | Entered Level 2 of the Orcish Mines
 28415 | Orc:2    | Found a staircase to the Elven Halls.
 28658 | Orc:2    | Found Qewuan's Magic Scroll Boutique.
 28658 | Orc:2    | Found Yloataav's Magic Scroll Shop.
 28663 | Orc:2    | Found Tatocuaw's Antique Armour Shop.
 28670 | Orc:2    | Found Rughovesyu's General Store.
 28674 | Orc:2    | Bought a scroll of acquirement for 780 gold pieces
 28674 | Orc:2    | Bought a scroll of acquirement for 780 gold pieces
 28682 | Orc:2    | Acquired the +0 hat of Lust {rC+ Will+ rCorr}
 28697 | Orc:2    | Acquired the ring of the Iron Devil {Ice rPois Dex+3}
 28710 | Orc:2    | Acquired a +2 triple crossbow of flaming
 28710 | Orc:2    | Received a gift from Okawaru
 28712 | Orc:2    | Acquired the +0 pair of gloves of the Postmodern Visions
                  | {rN+ SInv}
 28712 | Orc:2    | Received a gift from Okawaru
 28726 | Orc:2    | Bought a scroll of blinking for 112 gold pieces
 28731 | Orc:2    | Bought a scroll of blinking for 127 gold pieces
 28732 | Orc:2    | Bought a scroll of fear for 60 gold pieces
 29161 | Snake:1  | Entered Level 1 of the Snake Pit
 29197 | Snake:1  | Identified the +1 helmet of Midwinter {rC++ Str+3}
 29349 | Snake:1  | Received a gift from Okawaru
 29615 | Swamp:1  | Entered Level 1 of the Swamp
 29866 | Swamp:1  | Received a gift from Okawaru
 30333 | Swamp:2  | Reached XP level 17. HP: 106/106 MP: 27/27
 30735 | Swamp:2  | Found a runed translucent gate.
 30735 | Swamp:2  | Found a runed translucent gate.
 30736 | Swamp:2  | Found a runed translucent gate.
 30741 | Swamp:2  | Noticed Matygoc's ghost (adept HaSk)
 30744 | Swamp:2  | Received a gift from Okawaru
 30923 | Swamp:2  | Killed Matygoc's ghost
 31706 | Swamp:3  | Noticed a tentacled monstrosity
 31815 | Swamp:3  | Received a gift from Okawaru
 31828 | Swamp:3  | Killed a tentacled monstrosity
 32003 | Swamp:3  | Found a runed translucent door.
 32132 | Swamp:3  | Identified the +5 ring mail "Famnie" {Regen+}
 32588 | Swamp:3  | Got the Papyrus of Attacks
 32657 | Swamp:4  | Entered Level 4 of the Swamp
 32670 | Swamp:4  | Reached skill level 15 in Dodging
 32674 | Swamp:4  | Received a gift from Okawaru
 33111 | Swamp:4  | Received a gift from Okawaru
 33385 | Swamp:4  | Reached XP level 18. HP: 115/115 MP: 28/28
 33493 | Swamp:4  | Got a decaying rune of Zot
 33877 | Orc:2    | Bought a scroll of acquirement for 780 gold pieces
 33880 | Orc:2    | Acquired 1318 gold pieces
 33886 | Orc:2    | Bought a scroll of enchant weapon for 127 gold pieces
 33889 | Orc:2    | Bought a pair of distressingly furry gloves for 313 gold
                  | pieces
 33889 | Orc:2    | Identified the +0 pair of gloves of Sophism {MP+9} (You
                  | bought it in a shop on level 2 of the Orcish Mines)
 33895 | Orc:2    | Bought a scroll of enchant weapon for 112 gold pieces
 33895 | Orc:2    | Bought a scroll of immolation for 60 gold pieces
 33896 | Orc:2    | Bought a scroll of enchant weapon for 112 gold pieces
 33896 | Orc:2    | Bought a scroll of immolation for 60 gold pieces
 33898 | Orc:2    | Bought 2 scrolls of teleportation for 90 gold pieces
 33898 | Orc:2    | Bought a scroll of teleportation for 45 gold pieces
 33898 | Orc:2    | Bought 3 scrolls of revelation for 337 gold pieces
 33933 | Elf:1    | Entered Level 1 of the Elven Halls
 33976 | Elf:1    | Received a gift from Okawaru
 35169 | Lair:3   | Received a gift from Okawaru
 36068 | Snake:2  | Found a flickering gateway to a bazaar.
 36078 | Bazaar   | Entered a bazaar
 36078 | Bazaar   | Found Muocs's Antique Armour Shop.
 36078 | Bazaar   | Found Rilaj's Antique Weapon Shop.
 36156 | Bazaar   | Found Fezaw's General Store.
 36202 | Bazaar   | Bought the +0 mask of the Dragon {Will+ Slay+3 SInv} for
                  | 367 gold pieces
 36202 | Bazaar   | Found the +0 mask of the Dragon {Will+ Slay+3 SInv}
 36202 | Bazaar   | Bought a scroll of enchant weapon for 82 gold pieces
 36215 | Bazaar   | Bought a scroll of teleportation for 33 gold pieces
 36397 | Snake:2  | Found Nahote's Antique Armour Shop.
 36505 | Snake:2  | Received a gift from Okawaru
 36733 | Snake:2  | Found Tuoth's Jewellery Boutique.
 36736 | Snake:2  | Found Kerosyaf's Distillery.
 36736 | Snake:2  | Found Zaudicek's Weapon Boutique.
 37529 | Snake:3  | Found a glacial archway.
 37537 | IceCv    | Entered an ice cave
 37921 | IceCv    | Received a gift from Okawaru
 38030 | IceCv    | Reached XP level 19. HP: 121/121 MP: 23/29
 38660 | Snake:3  | Identified the ring of Bodily Harmony {rN+ MP+9}
 39595 | Snake:4  | Entered Level 4 of the Snake Pit
 40068 | Snake:4  | Received a gift from Okawaru
 40231 | Snake:4  | Found Juppy's General Store.
 40233 | Snake:4  | Found Wydghum's General Store.
 40235 | Snake:4  | Found Webloj's Weapon Shop.
 40640 | Snake:4  | Received a gift from Okawaru
 41010 | Snake:4  | Got a serpentine rune of Zot
 41700 | Elf:2    | Received a gift from Okawaru
 41974 | Elf:2    | Found a runed translucent gate.
 41975 | Elf:2    | Found a runed translucent gate.
 41975 | Elf:2    | Found a runed translucent gate.
 42302 | Elf:2    | Found a runed translucent gate.
 42302 | Elf:2    | Found a runed translucent gate.
 42354 | Elf:2    | Found a runed translucent gate.
 42386 | Elf:2    | Noticed jimonade's ghost (adept HOMo)
 42532 | Elf:2    | Identified the +5 sling of Seturuxy {drain, SInv}
 42608 | Elf:3    | Entered Level 3 of the Elven Halls
 42648 | Elf:3    | Reached XP level 20. HP: 127/127 MP: 31/31
 43010 | Elf:3    | Received a gift from Okawaru
 43675 | Elf:3    | Received a gift from Okawaru
 43791 | Elf:3    | Noticed Nikola
 43801 | Elf:3    | Killed Nikola
 43838 | Elf:3    | Reached skill level 15 in Invocations
 44030 | Elf:3    | Identified the ring "Miank" {rC+ Will+ rCorr}
 44135 | Elf:3    | Identified the ring "Suimej" {Wiz Will+ Dex+2}
 44557 | Elf:3    | Identified the +0 scale mail of Roso {rN+ Dex+4 Slay+3}
 44566 | Elf:3    | Identified the +1 ring mail of the Intense Sunfish {^Contam
                  | Str+3 Slay+5}
 44592 | Elf:3    | Identified the +9 war axe of Debt {flame, Will+ Str+3}
 44601 | Elf:3    | Got Ujoeciv's Anthology of Damage and Correspondence
 45060 | Vaults:1 | Entered Level 1 of the Vaults
 45198 | Vaults:1 | Found Cetty's Weapon Shop.
 45365 | Vaults:1 | Received a gift from Okawaru
 45549 | Vaults:1 | Reached XP level 21. HP: 132/132 MP: 33/33
 45759 | Vaults:1 | Received a gift from Okawaru
 46817 | Vaults:2 | Received a gift from Okawaru
 47162 | Vaults:2 | Found a staircase to the Crypt.
 47162 | Vaults:2 | Found a basalt altar of Yredelemnul.
 47163 | Vaults:2 | Found an ancient bone altar of Kikubaaqudgha.
 47181 | Vaults:2 | Received a gift from Okawaru
 47984 | Vaults:3 | Received a gift from Okawaru
 48165 | Vaults:3 | Reached XP level 22. HP: 66/137 MP: 34/34
 48352 | Vaults:3 | Found a huge runed translucent gate.
 48352 | Vaults:3 | Found a huge runed translucent gate.
 48353 | Vaults:3 | Found a huge runed translucent gate.
 48354 | Vaults:3 | Found a huge runed translucent gate.
 48354 | Vaults:3 | Found a huge runed translucent gate.
 48354 | Vaults:3 | Found a huge runed translucent gate.
 48355 | Vaults:3 | Found a huge runed translucent gate.
 48356 | Vaults:3 | Found a huge runed translucent gate.
 48356 | Vaults:3 | Found a huge runed translucent gate.
 48356 | Vaults:3 | Found a huge runed translucent gate.
 48356 | Vaults:3 | Found a huge runed translucent gate.
 48356 | Vaults:3 | Found a huge runed translucent gate.
 48357 | Vaults:3 | Found a huge runed translucent gate.
 48360 | Vaults:3 | Found a huge runed translucent gate.
 48361 | Vaults:3 | Found a huge runed translucent gate.
 48361 | Vaults:3 | Found a huge runed translucent gate.
 48361 | Vaults:3 | Found a huge runed translucent gate.
 48361 | Vaults:3 | Found a huge runed translucent gate.
 48363 | Vaults:3 | Found a huge runed translucent gate.
 48364 | Vaults:3 | Found a huge runed translucent gate.
 48365 | Vaults:3 | Found a huge runed translucent gate.
 48365 | Vaults:3 | Found a huge runed translucent gate.
 48370 | Vaults:3 | Found a huge runed translucent gate.
 48371 | Vaults:3 | Found a huge runed translucent gate.
 48371 | Vaults:3 | Found a huge runed translucent gate.
 48371 | Vaults:3 | Found a huge runed translucent gate.
 48371 | Vaults:3 | Found a huge runed translucent gate.
 48373 | Vaults:3 | Found a huge runed translucent gate.
 48374 | Vaults:3 | Found a huge runed translucent gate.
 48375 | Vaults:3 | Found a huge runed translucent gate.
 48375 | Vaults:3 | Found a huge runed translucent gate.
 48380 | Vaults:3 | Found a huge runed translucent gate.
 48821 | Vaults:3 | Found a huge runed translucent gate.
 48821 | Vaults:3 | Found a huge runed translucent gate.
 48821 | Vaults:3 | Found a huge runed translucent gate.
 48821 | Vaults:3 | Found a huge runed translucent gate.
 48869 | Vaults:3 | Received a gift from Okawaru
 49243 | Vaults:3 | Got the Grimoire of Twisted Unholy Ceremonies
 50053 | Vaults:4 | Identified the ring of Tamel {^Contam rF+++ MP+9 Int-5
                  | SInv}
 50466 | Vaults:4 | Received a gift from Okawaru
 50771 | Vaults:4 | Identified the +9 plate armour of Indemnity {rF+ rCorr}
 50967 | D:13     | Killed Consumeair16's ghost
 51078 | D:12     | Killed Rupert
 51256 | Crypt:1  | Entered Level 1 of the Crypt
 51669 | Crypt:1  | Received a gift from Okawaru
 52181 | Crypt:2  | Noticed Khufu
 52181 | Crypt:2  | Noticed a royal mummy
 52181 | Crypt:2  | Noticed a royal mummy
 52181 | Crypt:2  | Noticed a royal mummy
 52250 | Crypt:1  | Killed a royal mummy
 52251 | Crypt:1  | Reached XP level 23. HP: 65/142 MP: 35/35
 52462 | Crypt:1  | Killed a royal mummy
 52823 | Crypt:1  | Killed a royal mummy
 53199 | Crypt:2  | Killed Khufu
 53206 | Crypt:2  | Noticed Sojobo
 53314 | Crypt:2  | Paralysed by an air elemental for 1 turns
 53326 | Crypt:2  | Killed Sojobo
 53738 | Crypt:3  | Entered Level 3 of the Crypt
 54162 | Crypt:3  | Received a gift from Okawaru
 54198 | Crypt:3  | Found an ancient bone altar of Kikubaaqudgha.
 54198 | Crypt:3  | Noticed an ancient lich
 54201 | Crypt:3  | Killed an ancient lich
 54559 | Crypt:3  | Found a staircase to the Tomb.
 54691 | Crypt:3  | Got Nodgh's Essays on Last Rites
 54783 | Crypt:3  | Identified the ring "Cigriddu" {rN+ Dex+4}
 54783 | Crypt:3  | Identified the ring of Vifag {rElec rN+ Dex+4}
 55231 | Elf:2    | Killed jimonade's ghost
 55268 | Elf:2    | Received a gift from Okawaru
 55531 | Elf:2    | Identified the +1 hat "Motilet" {rPois Int+4}
 56281 | Depths:1 | Entered Level 1 of the Depths
 56285 | Depths:1 | Reached skill level 27 in Dodging
 56375 | Depths:1 | Reached XP level 24. HP: 95/148 MP: 35/35
 56473 | Depths:1 | Noticed Saint Roka
 56701 | Depths:1 | Noticed Norris
 56709 | Depths:1 | Killed Norris
 56726 | Depths:1 | Killed Saint Roka
 57006 | Depths:1 | Received a gift from Okawaru
 57120 | Depths:1 | Found a gateway to Hell.
 57187 | Depths:1 | Identified the +3 chain mail of Hepliaklqana, Dancing
                  | {+Blink rF++}
 57445 | Depths:1 | Found a one-way gate leading to the halls of Pandemonium.
 57483 | Depths:2 | Reached skill level 15 in Fighting
 58020 | Depths:2 | Noticed a dread lich
 58020 | Depths:2 | Paralysed by a dread lich for 2 turns
 58023 | Depths:2 | Killed a dread lich
 58195 | Depths:2 | Found a one-way gateway to a ziggurat.
 58223 | Depths:2 | Identified the +5 orcbow of Patterns {heavy, ^Drain rC+
                  | Will+ Dex+3}
 58294 | Depths:2 | Found a one-way gate to the infinite horrors of the Abyss.
 58439 | Depths:3 | Reached skill level 27 in Ranged Weapons
 58476 | Depths:3 | Received a gift from Okawaru
 58480 | Depths:3 | Found Zivog's Magic Scroll Shoppe.
 58487 | Depths:3 | Bought a scroll of fog for 52 gold pieces
 58487 | Depths:3 | Bought a scroll of fear for 52 gold pieces
 58487 | Depths:3 | Bought a scroll of acquirement for 676 gold pieces
 58487 | Depths:3 | Bought a scroll of poison for 52 gold pieces
 58488 | Depths:3 | Acquired a staff of conjuration
 58492 | Depths:3 | Acquired a manual of Invocations
 58525 | Depths:3 | Found Sahaac's General Store.
 58838 | Depths:3 | Found Pumerche's Jewellery Shoppe.
 58848 | Depths:3 | Identified the +7 glaive of Soft Purpose {flame, Will+}
 59219 | Depths:3 | Reached XP level 25. HP: 56/160 MP: 36/36
 59329 | Depths:3 | Identified the +0 cloak of Midsummer {rF+ Will+}
 59339 | Depths:3 | Identified the +2 pair of boots "Fyon" {-Cast Str+5}
 59475 | Depths:3 | Received a gift from Okawaru
 59502 | Depths:3 | Found Fylugr Ocul's Distillery.
 59715 | Depths:4 | Entered Level 4 of the Depths
 60145 | Depths:3 | Received a gift from Okawaru
 60409 | Depths:4 | Found a corrupted altar of Lugonu.
 60738 | Depths:4 | Found a gate to the Realm of Zot.
 61127 | Slime:1  | Entered Level 1 of the Pits of Slime
 61151 | Slime:1  | Lost mutation: Your spells are a little harder to cast, but
                  | a little more powerful. [a shining eye]
 61153 | Slime:1  | Gained mutation: You occasionally shout uncontrollably at
                  | your foes. [a shining eye]
 61154 | Slime:1  | Gained mutation: Your body sometimes deteriorates upon
                  | taking damage. [a shining eye]
 61166 | Slime:1  | Paralysed by a formless jellyfish for 1 turns
 61169 | Slime:1  | Received a gift from Okawaru
 62731 | Slime:5  | Entered Level 5 of the Pits of Slime
 62778 | Slime:5  | Gained mutation: You are frail. (-10% HP) [a shining eye]
 62779 | Slime:5  | Received a gift from Okawaru
 62851 | Slime:5  | Reached XP level 26. HP: 155/155 MP: 37/37
 63502 | Slime:5  | Lost mutation: You are dopey. (Int -2) [a shining eye]
 63520 | Slime:5  | Noticed the Royal Jelly
 63616 | Slime:5  | Found a viscous altar of Jiyva.
 63617 | Slime:5  | Found the +8 demon blade "Leech" {evervamp, Harm ^Drain
                  | rN+}
 63761 | Slime:5  | Found the +8 mithril axe "Arga" {speed, Will+}
 63783 | Slime:5  | Killed the Royal Jelly
 63820 | Slime:5  | Identified the +0 robe "Tiddogah" {rC+}
 63826 | Slime:5  | Identified the staff "Rioreoz" {rElec rF+ rCorr MP+9 Str-5
                  | Fire}
 63936 | Slime:5  | Got a slimy rune of Zot
 63978 | Slime:5  | Identified the +7 chain mail "Bilall" {Rampage Will+}
 64357 | Slime:5  | Received a gift from Okawaru
 64901 | Zot:1    | Entered Level 1 of the Realm of Zot
 64980 | Zot:3    | Found a broken altar of Ashenzari.
 65012 | Zot:3    | HP: 5/158 [white draconian stormcaller[a white draconian
                  | stormcaller] (12)]
 65013 | Zot:3    | Succumbed to a death drake's dark miasma

Illustrated notes

Levels and vault maps discovered:
D:1:      dpeg_arrival_simpleton_c, layout_rooms
D:2:      layout_basic, basic_altar, wad_floor_pattern_1, kennysheep_path_1,
          corner_web_ring
D:3:      layout_loops_corners, grunt_qazlal_clouds,
          nicolae_wu_jian_wuxing_cycle, portal_sewer_entry_e,
          ebering_ghost_rock_garden, uniq_terence
D:4:      wander_river, layout_rooms, temple_statues
D:5:      layout_basic, mainiacjoe_overflow_small_starburst, serial_shops,
          nicolae_shop_tiny_statue_garden, serial_bayou_pond_e,
          nrook_pool_corridor
D:6:      minmay_polygon_palace, layout_cave_pods, general_overflow_altar,
          minmay_overflow_temple_star_quad, uniq_grinder
D:7:      layout_loops_corners, mainiacjoe_overflow_six_doors_small,
          enter_bailey_3, uniq_jeremiah
D:8:      layout_basic, kiku_gazebo_pond_becter,
          nicolae_yredelemnul_corpse_copse, nicolae_tso_carved_into_rock,
          mainiacjoe_overflow_alcove_2
D:9:      layout_loops_ring, erik_lair_orcish_takeover, uniq_joseph
D:10:     layout_long_grid, lemuel_crystal_altar,
          kennysheep_orc_monster_closet_entryway, hellmonk_guarded_unrand_vines
D:11:     layout_loops_ring, fedhas_ov_isle_minmay
D:12:     regret_index_reflect_refract, layout_basic, serial_shops,
          nicolae_shop_behind_doors, uniq_kirke, uniq_josephine, uniq_jorgrun,
          uniq_rupert
D:13:     layout_basic, gammafunk_ghost_mausoleum, grunt_ministairs_8,
          lemuel_flamethrower_3, uniq_nessos
D:14:     layout_basic, david_vaults_2, drop_trap, kennysheep_island_fort,
          uniq_agnes
D:15:     grunt_enter_depths_giant_problem, layout_cave_pools,
          nicolae_the_louvre, serial_library_hellmonk_metal_room
Temple:   chequers_temple_sunken
Lair:1:   layout_loops_ring, grunt_megastairs_3
Lair:2:   layout_cave_pods, swamp_mist_pool, grunt_megastairs_1, uniq_gastronok
Lair:3:   cheibrodos_lair_river_kwai, layout_cave_pods,
          minmay_snake_entry_guardpost_small, gauntlet_entry_generic,
          st_stairs_9, nicolae_quartered_pool_super
Lair:4:   layout_small_grid, basic_altar, grunt_megastairs_4,
          serial_bayou_shore_b
Lair:5:   cheibrodos_lair_end_hotspot, layout_hall_layers,
          minmay_slime_entry_eyes, basic_altar, chequers_serial_rivers_large_b
Swamp:1:  layout_basic_swamp, evilmike_swamp_ruin_house_5,
          hangedman_swamp_diagram, swamp_pool_4
Swamp:2:  layout_basic_swamp, gammafunk_ghost_necromancy,
          nicolae_swamp_small_spring
Swamp:3:  gammafunk_mikee_crab_dinner, layout_falls_marsh,
          nicolae_swamp_some_circles, infiniplex_staircase_pool_2
Swamp:4:  swamp_fiery, layout_basic_swamp
Snake:1:  layout_chambers
Snake:2:  layout_grid_maze, serial_shops, bzr_entry_dummy, minmay_shoptagon
Snake:3:  layout_layer_cave, portal_ice_cave_entry_pillars_four,
          nicolae_coiled_stairwell_up
Snake:4:  snake_pit, layout_gridlike, grunt_megastairs_2, minmay_shop_star
Slime:1:  layout_caves
Slime:2:  layout_caves
Slime:3:  layout_caves
Slime:4:  layout_caves
Slime:5:  slime_pit_nicolae_block_by_block
Orc:1:    layout_caves
Orc:2:    st_orc_mages, layout_caves, basic_altar
Elf:1:    elf_arrival_001, layout_geoelf_grid, nicolae_elf_blasts_and_bolts
Elf:2:    nicolae_elf_blades_crystal_corner, layout_loops_corners,
          gammafunk_ghost_tricky_traps, hangedman_elf_targeted_burst
Elf:3:    minmay_elf_hall_hex, layout_geoelf_octagon, nicolae_twisting_strands,
          uniq_nikola
Vaults:1: v_misc_5, v_misc_27, nicolae_vaults_house_1,
          nicolae_vaults_corpse_flower, ontoclasm_vaults_twist,
          grunt_vaults_focal, nicolae_vaults_house_3, nicolae_vaults_alarming,
          nicolae_vaults_taking_the_gang_shopping,
          nicolae_vaults_lightning_bolt, nicolae_vaults_door_testing_chamber,
          nicolae_vaults_oval_intersection, nicolae_vaults_stepped_doors,
          layout_vaults_omnicross
Vaults:2: nicolae_vaults_little_squares_3, nicolae_vaults_heart-shaped_vault,
          nicolae_vaults_know_your_exits, minmay_crypt_entry_necro_gods,
          nicolae_vaults_big_angled_halls, nicolae_vaults_circle_grid_a,
          nicolae_vaults_turnstiles, nicolae_vaults_more_shelving_1, v_misc_22,
          nicolae_vaults_apartment_1, v_alt_pattern_1,
          nicolae_vaults_tetromino_L_2, layout_vaults_ring
Vaults:3: nicolae_vaults_layer_cake_slice, door_vault, nicolae_vaults_tangram_1,
          v_misc_22, nicolae_vaults_doubleplus_tesselated,
          hangedman_vaults_corner_blocks, layout_vaults_omnigrid
Vaults:4: nicolae_vaults_network_star, vaults_standard_mumra_enter_the_diamond,
          nicolae_vaults_meiosis, nicolae_vaults_surprise_closet,
          nicolae_vaults_little_ls, hangedman_vaults_slither,
          dpeg_vaults_monster_box, vaults_dpeg_doors,
          nicolae_vaults_tetromino_T_2, nicolae_vaults_specimen_jars,
          vaults_dpeg_cross, special_room_vaults [special_room_orc],
          nicolae_vaults_double_plus_2, nicolae_vaults_rhombus_5,
          vaults_room_stairs_pillars, layout_vaults_omnibox
Crypt:1:  layout_regular_city
Crypt:2:  layout_chaotic_city, st_burial_chamber, uniq_sojobo, uniq_khufu
Crypt:3:  cryptofortress_bobbens
Depths:1: layout_gridlike, pf_hell_entry_tar_spiral,
          amcnicky_mini_rare_corridor_liquid, grunt_pan_entry_zigzag, hex_tiny,
          grunt_ministairs_5, minmay_fire_ice_demons, uniq_saint_roka,
          uniq_norris
Depths:2: hellmonk_paralyzer, layout_cave_pools, enter_ziggurat_b, pan_entry,
          hangedman_abyss_entry_splay, hell_entry
Depths:3: kennysheep_water_balloons, layout_gridlike, minmay_misc_feat_ornament,
          hell_entry, serial_shops, shop, nicolae_shop_hallway_plus, shop, shop,
          nicolae_abyss_entry_one_way_or_another,
          chequers_serial_rivers_micro_b, infiniplex_staircase_zigzag_5
Depths:4: evilmike_zot_entry_hall, layout_cave_pools, pf_hell_entry_great_geh,
          serial_rivers, chequers_serial_rivers_micro_e,
          chequers_serial_rivers_large_a, chequers_serial_rivers_room_b,
          chequers_serial_rivers_micro_c, chequers_serial_rivers_micro_a,
          abyss_entry_flame_altar
Zot:1:    layout_cellular_growth, regret_index_zotdec_bone_old, uniq_vv
Zot:2:    layout_gridlike
Zot:3:    kennysheep_ambush_hall, layout_gridville, regret_index_zotdec_icy_dp

Skill      XL: |  1  2  3  4  5  6  7  8  9 10 11 12 13 14 15 16 17 18 19 20 21 22 23 24 25 26 |
---------------+-------------------------------------------------------------------------------+-----
Stealth        | 1 2 3 4 5 6 9 |  9.0
Fighting       | 4 5 6 7 8 10 11 12 13 14 16 19 20 | 20.8
Translocations | 1 2 3 4 |  4.0
Evocations     | 2 3 6 7 |  7.0
Invocations    | 1 3 6 7 10 11 12 13 15 16 19 | 19.0
Polearms       | 4 |  4.9
Ranged Weapons | 2 6 10 11 14 16 20 21 23 25 26 27 | 27.0
Dodging        | 3 7 8 11 12 13 14 15 17 18 20 24 27 | 27.0
Throwing       | 2 |  2.0
Armour         | |  2.1

Action                     |  1- 3 |  4- 6 |  7- 9 | 10-12 | 13-15 | 16-18 | 19-21 | 22-24 | 25-27 || total
---------------------------+-------+-------+-------+-------+-------+-------+-------+-------+-------++-------
  Melee: Spear             |    98 |   141 |     5 |    83 |       |       |       |       |       ||   327
         Kick              |    15 |    42 |   102 |   169 |     2 |       |       |       |       ||   330
         Peck              |     9 |    28 |    58 |    99 |       |       |       |       |       ||   194
         Dagger            |       |    19 |       |    12 |       |       |       |       |       ||    31
         Quarterstaff      |       |    47 |    47 |       |       |       |       |       |       ||    94
         Trident           |       |       |   336 |   462 |    10 |       |       |       |       ||   808
         Punch             |       |       |     5 |    13 |       |       |       |       |       ||    18
         Halberd           |       |       |       |     3 |       |       |       |       |       ||     3
   Fire: Orcbow            |       |       |     9 |   546 |  1819 |    48 |       |       |       ||  2422
         Longbow           |       |       |       |       |       |   976 |       |       |       ||   976
         Triple crossbow   |       |       |       |       |       |   273 |   892 |  1098 |   555 ||  2818
  Throw: Javelin           |       |     1 |       |     1 |       |       |       |       |       ||     2
         Dart              |       |       |       |     4 |     3 |     3 |       |       |       ||    10
   Cast: Blink             |       |       |       |    17 |     9 |    10 |     4 |     6 |     3 ||    49
         Apportation       |       |       |       |       |     4 |     9 |     9 |     2 |       ||    24
 Invoke: Heroism           |       |       |     2 |     3 |     4 |     4 |     4 |     5 |     2 ||    24
         Finesse           |       |       |       |       |     3 |     2 |     5 |     5 |     2 ||    17
         Receive Weapon    |       |       |       |       |       |     1 |       |       |       ||     1
         Receive Armour    |       |       |       |       |       |     1 |       |       |       ||     1
  Evoke: Wand              |       |       |     8 |     5 |     5 |    13 |     2 |    11 |     8 ||    52
         Phial of floods   |       |       |       |       |     2 |     3 |     4 |     1 |       ||    10
         Condenser vane    |       |       |       |       |     1 |     3 |     2 |     1 |     1 ||     8
         Lightning rod     |       |       |       |       |       |     2 |     4 |       |     2 ||     8
    Use: Scroll            |       |       |       |    11 |    14 |    27 |     7 |    13 |     7 ||    79
         Potion            |       |       |       |       |       |       |     2 |       |     1 ||     3
   Stab: Sleeping          |     6 |     6 |     8 |     4 |       |       |       |       |       ||    24
         Paralysed         |     1 |       |     5 |       |       |       |       |       |       ||     6
         Distracted        |       |     1 |     1 |     1 |       |       |       |       |       ||     3
         Petrified         |       |     4 |       |       |       |       |       |       |       ||     4
 Armour: Leather armour    |    24 |    76 |    74 |       |       |       |       |       |       ||   174
         Robe              |       |       |    74 |   294 |   246 |   270 |   222 |   237 |   164 ||  1507
  Dodge: Dodged            |    29 |   166 |   285 |   815 |   771 |   814 |   827 |  1041 |   835 ||  5583
